 Dungeon Crawl Stone Soup version 0.17-a0-2055-gb4e23be (webtiles) character file.

220 Shim the Ducker (level 5, 0/36 HPs)
             Began as a High Elf Gladiator on Oct 11, 2015.
             Was an Initiate of Okawaru.
             Slain by an orc
             ... wielding a +0 hand axe
              (1 damage)
             ... on level 3 of the Dungeon.
             The game lasted 00:17:29 (5132 turns).

Shim the Ducker (High Elf Gladiator)                Turns: 5132, Time: 00:17:29

Health: 0/36       AC: 10    Str: 14    XL:     5   Next: 64%
Magic:  6/6        EV: 14    Int: 17    God:    Okawaru [......]
Gold:   174        SH:  0    Dex: 16    Spells: 0 memorised, 4 levels left

rFire  . . .     SeeInvis .     d - +1 dagger (protect)
rCold  + . .     Clarity  .     b - +0 leather armour
rNeg   . . .     SustAt   .     (no shield)
rPois  .         Gourm    .     c - +0 helmet
rElec  .         Spirit   .     (no cloak)
rCorr  .         Warding  .     (no gloves)
rMut   .         Stasis   .     k - +0 pair of boots
MR     .....                    (no amulet)
Stlth  +.........               j - ring of protection from cold
                                g - ring of loudness (curse)

@: brilliant, not resistant to hostile enchantments, very unstealthy
A: no striking features
a: Renounce Religion


You were on level 3 of the Dungeon.
You worshipped Okawaru.
Okawaru was noncommittal.
You were not hungry.

You visited 1 branch of the dungeon, and saw 4 of its levels.

You collected 174 gold pieces.

Inventory:

Hand Weapons
 a - a +0 rapier
 d - a +1 dagger of protection (weapon)
 i - a +0 dagger of draining
 E - a +1 dagger of chaos
Missiles
 h - 3 curare-tipped needles
 C - 4 throwing nets (quivered)
 D - 15 poisoned needles
Armour
 b - a +0 leather armour (worn)
 c - a +0 helmet (worn)
 k - a +0 pair of boots (worn)
Magical Staves
 t - an uncursed staff of power
Jewellery
 g - a cursed ring of loudness (left hand)
 j - a ring of protection from cold (right hand)
 w - an uncursed ring of protection from cold
Scrolls
 n - 2 scrolls of enchant armour {unknown}
 p - a scroll of magic mapping {unknown}
 r - a scroll of identify {unknown}
 u - 2 scrolls of teleportation {unknown}
 y - a scroll of fog {unknown}
 z - a scroll of blinking {unknown}
 A - 2 scrolls of immolation {unknown}
Potions
 f - 2 potions of flight {unknown}
 m - a potion of agility
 o - a potion of cure mutation {unknown}
 q - a potion of brilliance
 s - a potion of mutation {unknown}
 x - a potion of magic {unknown}
 B - a potion of lignification {unknown}
 G - a potion of poison {unknown}
Comestibles
 e - 2 bread rations
 l - 3 fruits


   Skills:
 + Level 2.8 Fighting
 + Level 4.4 Short Blades
 + Level 2.2 Throwing
 + Level 2.2 Armour
 + Level 4.5 Dodging
 * Level 2.5 Stealth


You had 4 spell levels left.
You didn't know any spells.

Dungeon Overview and Level Annotations

Branches:
Dungeon (4/15)
 Temple: D:4-7

Altars:
Makhleb
Okawaru
Trog
Xom

Annotations:
D:3 aimeelou's ghost, amateur DrFE


Message History

You hit the orc but do no damage. You hit the orc.
The orc is moderately wounded.
The orc hits you with a mace!
* * * LOW HITPOINT WARNING * * *
The orc hits you with a hand axe.
* * * LOW HITPOINT WARNING * * *
You hit the orc.
You kill the orc!
Okawaru accepts your kill. The orc hits you with a hand axe.
* * * LOW HITPOINT WARNING * * *
Things that are here:
a mace; a glowing leather armour; an orc corpse The orc hits you but does no damage.
Drink which item? (? for menu, Esc to quit)
It was a potion of brilliance.
You feel clever all of a sudden. The orc hits you with a hand axe.
You die...

#...##............#
##.P..≈≈≈..
#...##....#####...#
##....P≈≈≈#.
#...##...##_..##'##
#.##..≈≈.###
..........#...'..#
#P...P≈≈≈≈#.
.....#...##_..#..#
#..P.≈≈≈≈≈..
.....#...#######.#
#..##P≈≈≈≈#.
.....#####.##..#.#
###....≈≈### ##.###
#.###.#.#
#≈###..P≈≈#. ##.#
#......@#
#..≈###..≈≈. .#.#
######.o#
#P...≈###.≈. .#.#
#......)#
##..P≈≈≈##≈≈ .#.#
#.###.#>#
##.P.≈≈≈≈### .#.#
#.# #.###
#...≈≈≈≈≈≈≈# .#.#
#.# #.#
#P.≈≈≈≈≈≈≈## .#.#
#.# #.#
#.PP≈≈###### ##.#
#.# #.# #....≈≈≈≈#
# ...# #.# #.#
#....≈≈≈≈# #


You could see an orc.

Vanquished Creatures
  A crimson imp (D:3)
  A hound (D:3)
  A hound zombie (D:3)
  2 gnolls (D:3)
  5 adders (D:2)
  An ooze (D:2)
  3 worms
  3 giant geckos
  3 orcs
  11 bats
  2 giant cockroaches
  9 hobgoblins
  7 kobolds
  2 quokkas (D:2)
  A ball python (D:2)
  3 giant newts
  11 goblins
  2 jackals (D:1)
  7 rats
75 creatures vanquished.

Notes
Turn   | Place    | Note
--------------------------------------------------------------
     0 | D:1      | Shim the High Elf Gladiator began the quest for the Orb.
     0 | D:1      | Reached XP level 1. HP: 14/14 MP: 2/2
   491 | D:1      | Reached XP level 2. HP: 10/19 MP: 3/3
  1060 | D:1      | Reached skill level 4 in Short Blades
  1373 | D:2      | Reached XP level 3. HP: 16/25 MP: 4/4
  1492 | D:2      | Found a bloodstained altar of Trog.
  1837 | D:2      | Reached skill level 1 in Stealth
  2147 | D:2      | Reached skill level 1 in Armour
  2220 | D:2      | Reached XP level 4. HP: 26/30 MP: 5/5
  3080 | D:3      | Found a faded altar to an unknown god.
  3103 | D:3      | Noticed aimeelou's ghost (amateur DrFE)
  3409 | D:3      | Found an iron altar of Okawaru.
  3416 | D:3      | Became a worshipper of Warmaster Okawaru
  3894 | D:3      | Found a burning altar of Makhleb.
  3895 | D:3      | Found a shimmering altar of Xom.
  3917 | D:3      | Reached XP level 5. HP: 36/36 MP: 6/6
  5128 | D:3      | HP: 1/36 [orc/hand axe (5)]
  5132 | D:3      | Slain by an orc

Vault maps used:
D:1:      eino_arrival_water_cross
D:2:      lightli_temple_of_fire
D:3:      wad_lake_hut, lemuel_crystal_altar,
          grunt_temple_overflow_champion_of_chaos, ecumenical_altar_2

Action                   |  1- 3 |  4- 6 || total
-------------------------+-------+-------++-------
Melee: Dagger            |   119 |   195 ||   314
       Rapier            |    11 |       ||    11
Throw: Throwing net      |       |     6 ||     6
  Use: Potion            |       |     1 ||     1
  Eat: Chunk             |     4 |     9 ||    13
       Royal jelly       |       |     1 ||     1
